 Dungeon Sprint DCSS version 0.21.0-3-g78d12a8 (webtiles) character file.

971 wojtek the Cleaver (level 7, -16/109 HPs)
             Began as a Minotaur Berserker on Jan 13, 2018.
             Was an Elder of Trog.
             Demolished by a queen bee (17 damage)
             ... in the Dungeon (Sprint IV: "Fedhas' Mad Dash").
             The game lasted 00:02:29 (1168 turns).

wojtek the Cleaver (Minotaur Berserker)             Turns: 1168, Time: 00:02:30

Health: -16/109    AC:  2    Str: 29    XL:     7   Next: 94%
Magic:  8/9        EV: 14    Int:  4    God:    Trog [****..]
Gold:   139        SH:  0    Dex:  9    Spells: 6/6 levels left

rFire    . . .     SeeInvis .   a - +0 hand axe
rCold    . . .     Gourm    .   (no shield)
rNeg     . . .     Faith    .   b - +0 animal skin
rPois    .         Spirit   .   (helmet restricted)
rElec    .         Reflect  .   (no cloak)
rCorr    .         Harm     .   (no gloves)
MR       .....     NoTele   +   (no boots)
Stlth    ..........             j - amulet of invisibility {+Inv}
HPRegen  0.28/turn              (no ring)
MPRegen  0.11/turn              (no ring)

@: berserking, lethally poisoned (-16 -> -46), very slightly contaminated, very
quick
A: retaliatory headbutt, horns 2
a: Berserk, Trog's Hand, Brothers in Arms, Burn Spellbooks, Renounce Religion,
Evoke Invisibility


You were in the Dungeon.
You worshipped Trog.
Trog was greatly pleased with you.
You were near starving.

You visited 1 branch You collected 139 gold pieces.

Inventory:

Hand Weapons
 a - a +0 hand axe (weapon)
Armour
 b - a +0 animal skin (worn)
Jewellery
 j - the amulet of invisibility (around neck) {+Inv}
   (You found it in the Dungeon)

   [amulet of nothing]

   It lets you turn invisible.
 l - the amulet "Rolizuta" {Gourm Str+2, unknown}
   (You found it in the Dungeon)

   [amulet of the gourmand]

   It allows you to eat raw meat even when not hungry.
   It affects your strength (+2).
Scrolls
 c - a scroll of enchant armour {unknown}
 i - a scroll of blinking
 k - a scroll of magic mapping {unknown}
 m - a scroll of amnesia {unknown}
Potions
 d - a potion of curing
 e - a potion of heal wounds
 f - a potion of haste
 g - 2 potions of magic
 h - a potion of berserk rage


   Skills:
 + Level 10.4 Fighting
 * Level 14.3 Axes
 + Level 5.1 Armour
 + Level 5.3 Dodging
 + Level 4.7 Stealth
 + Level 4.1 Evocations


You had 6 spell levels left.
You didn't know any spells.

Dungeon Overview and Level Annotations

Branches:
Dungeon (1/1)

Altars:
Cheibriados
Dithmenos
Elyvilon
Gozag
Hepliaklqana
Kikubaaqudgha
Makhleb
Nemelex Xobeh
Okawaru
Qazlal
Ru
Sif Muna
Trog
Uskayaw
Vehumet
Wu Jian
Xom
Yredelemnul
Zin
The Shining One
Beogh
Jiyva
Lugonu

Shops:
D [((=


Innate Abilities, Weirdness & Mutations

You reflexively headbutt those who attack you in melee.
You have a pair of horns on your head.


Message History

* * * LOW HITPOINT WARNING * * *
You are more poisoned.
The killer bee poisons you! The queen bee stings you.
* * * LOW HITPOINT WARNING * * *
You closely miss the killer bee. Your headbutt misses the killer bee.
The killer bee is moderately wounded.
You completely miss the queen bee. You slash the killer bee!
You kill the killer bee!
Trog accepts your kill.
Your Evocations skill increases to level 4!
* * * LOW HITPOINT WARNING * * *
You feel sick. The killer bee barely misses you. You furiously retaliate!
You headbutt the killer bee! You miss the killer bee.
You headbutt the killer bee.
You kill the killer bee!
Trog accepts your kill.
You hit the queen bee.
* * * LOW HITPOINT WARNING * * *
You feel sick. The queen bee stings you!
You die...

########################
#<..P#.....#.....#.⌠._._
#PP..'.....'.#.).'.._._.
#PPPP#.....#.#...#..._._
###############'##.._._.
♣yy@.....'...#._._._
#%.....♣.....#...#######
#.....♣..♣..######
##+####+#####


You could see a queen bee and a killer bee.

Vanquished Creatures
  A burning bush (D)
  2 wandering mushrooms (D)
  2 scorpions (D)
  3 killer bees (D)
  4 oklob saplings (D)
  A worker ant (D)
  2 spriggans (D)
  A river rat (D)
  A rat (D)
17 creatures vanquished.

Notes
Turn   | Place    | Note
-------+----------+-------------------------------------------
     0 | D        | wojtek the Minotaur Berserker began the quest for the Orb.
     0 | D        | Reached XP level 1. HP: 19/19 MP: 0/0
    10 | D        | Reached skill level 5 in Axes
    10 | D        | Reached XP level 2. HP: 12/28 MP: 1/1
   181 | D        | Noticed an oklob sapling
   186 | D        | Killed an oklob sapling
   186 | D        | Reached ** piety under Trog
   186 | D        | Reached skill level 5 in Fighting
   186 | D        | Reached skill level 6 in Axes
   186 | D        | Reached XP level 3. HP: 15/36 MP: 2/2
   394 | D        | Found the amulet of invisibility {+Inv}
   398 | D        | Reached skill level 7 in Axes
   437 | D        | Found an opulent altar of Gozag.
   437 | D        | Found a hazy altar of Hepliaklqana.
   437 | D        | Found a burning altar of Makhleb.
   437 | D        | Found a sparkling altar of Nemelex Xobeh.
   437 | D        | Found a sacrificial altar of Ru.
   437 | D        | Found a deep blue altar of Sif Muna.
   437 | D        | Found an ornate altar of the Wu Jian Council.
   437 | D        | Found a shimmering altar of Xom.
   437 | D        | Found a basalt altar of Yredelemnul.
   438 | D        | Found a viscous altar of Jiyva.
   438 | D        | Found a roughly hewn altar of Beogh.
   438 | D        | Found a snail-covered altar of Cheibriados.
   438 | D        | Found a bloodstained altar of Trog.
   438 | D        | Noticed an oklob sapling priest
   439 | D        | Found an iron altar of Okawaru.
   439 | D        | Found a glowing silver altar of Zin.
   439 | D        | Found a shadowy altar of Dithmenos.
   440 | D        | Found a hide-covered altar of Uskayaw.
   440 | D        | Found an ancient bone altar of Kikubaaqudgha.
   441 | D        | Found a stormy altar of Qazlal.
   441 | D        | Found a glowing golden altar of the Shining One.
   441 | D        | Found a white marble altar of Elyvilon.
   442 | D        | Found a radiant altar of Vehumet.
   442 | D        | Found a corrupted altar of Lugonu.
   447 | D        | HP: 1/37 [oklob sapling priest/divine providence (9)]
   452 | D        | Killed an oklob sapling priest
   452 | D        | Reached skill level 9 in Axes
   452 | D        | Reached XP level 4. HP: 2/45 MP: 1/3
   749 | D        | Reached *** piety under Trog
   749 | D        | Reached skill level 1 in Stealth
   749 | D        | Reached skill level 1 in Evocations
   749 | D        | Reached XP level 5. HP: 49/52 MP: 1/4
   765 | D        | Reached skill level 10 in Axes
   769 | D        | Reached skill level 11 in Axes
   901 | D        | Found Raeqiaku's Antique Weapon Shop.
   901 | D        | Found Serricoa's Antique Armour Emporium.
   909 | D        | Noticed a burning bush
   909 | D        | Noticed a wandering mushroom
   912 | D        | Noticed a wandering mushroom
   920 | D        | Killed a burning bush
   920 | D        | Reached skill level 12 in Axes
   920 | D        | Reached XP level 6. HP: 54/64 MP: 3/7
   921 | D        | Killed a wandering mushroom
   921 | D        | Reached **** piety under Trog
   921 | D        | Reached skill level 13 in Axes
   921 | D        | Reached XP level 7. HP: 59/71 MP: 3/8
   922 | D        | Reached skill level 10 in Fighting
   922 | D        | Reached skill level 5 in Dodging
   924 | D        | Killed a wandering mushroom
   924 | D        | Reached skill level 14 in Axes
   924 | D        | Reached skill level 5 in Armour
  1095 | D        | Found Izonolao's Jewellery Emporium.
  1095 | D        | Found Lodia's Antique Weapon Shoppe.
  1100 | D        | Got a bound steel amulet
  1157 | D        | Noticed a queen bee
  1166 | D        | HP: 5/109 [killer bee (4)]
  1168 | D        | HP: 1/109 [poisoned by a killer bee]
  1168 | D        | Demolished by a queen bee

Skill      XL: |  1  2  3  4  5  6  7 |
---------------+----------------------+-----
Fighting       | 4 5 6 7 9 10 | 10.4
Axes           | 5 6 9 12 13 14 | 14.3
Armour         | 3 4 5 |  5.1
Dodging        | 3 4 5 |  5.3
Stealth        | 1 3 4 |  4.7
Evocations     | 1 2 3 4 |  4.1

Action                   |  1- 3 |  4- 6 |  7- 9 || total
-------------------------+-------+-------+-------++-------
Melee: Hand axe          |    21 |    20 |    15 ||    56
       Headbutt          |     3 |     4 |     5 ||    12
Invok: Berserk           |     2 |     2 |     1 ||     5
       Brothers in Arms  |       |       |     1 ||     1
 Abil: Evoke Invisibilit |     1 |     2 |     1 ||     4
 Stab: Invisible         |     1 |     3 |     3 ||     7
  Eat: Ration            |       |     1 |       ||     1
       Chunk             |       |       |     2 ||     2
Armor: Animal skin       |     1 |       |       ||     1
Dodge: Dodged            |     5 |    10 |     6 ||    21
